 Dungeon Crawl Stone Soup version 0.30-b1-2-g02819fbbbe (webtiles) character file.

Game seed: 15367725061865292451

11073 Arcadio the Geomancer (level 11, -30/54 HPs)
             Began as a Gargoyle Earth Elementalist on May 9, 2023.
             Was an Elder of Vehumet.
             Killed from afar by Jorgrun (33 damage)
             ... with an iron shot
             ... on level 2 of the Orcish Mines.
             The game lasted 00:48:39 (13155 turns).

Arcadio the Geomancer (GrEE)                       Turns: 13155, Time: 00:48:40

Health: -30/54     AC: 19    Str: 18    XL:     11   Next: 72%
Magic:  12/23      EV: 12    Int: 23    God:    Vehumet [****..]
Gold:   1049       SH:  0    Dex: 13    Spells: 11/27 levels left

rFire   . . .        a - +9 spear of the Dozen Friends {vamp, Int+3}
rCold   . . .        (no shield)
rNeg    + . .        C - +0 steam dragon scales
rPois   ∞            (no helmet)
rElec   +            i - +0 cloak
rCorr   .            q - +0 pair of gloves {Dex+3}
SInv    .            (no boots)
Will    .....        S - amulet of the acrobat
Stlth   ++           z - +6 ring of strength
HPRegen 0.29/turn    G - +4 ring of protection
MPRegen 0.18/turn

%: acrobat
@: mighty, grasped by roots, very slightly contaminated, constricted
A: sickness immunity, AC +8, negative energy resistance 1, electricity
resistance, torment resistance 1, petrification resistance
a: Renounce Religion


You were on level 2 of the Orcish Mines.
You worshipped Vehumet.
Vehumet was greatly pleased with you.
You visited 3 branches of the dungeon, and saw 13 of its levels.

You collected 1049 gold pieces.

Inventory:

Hand Weapons
 a - the +9 spear of the Dozen Friends (weapon) {vamp, Int+3}
   (You found it on level 8 of the Dungeon)

   Int:       It affects your intelligence (+3).
 b - a +8 hand crossbow of draining
Missiles
 l - 7 curare-tipped darts (quivered)
 Q - 3 throwing nets
Armour
 i - a +0 cloak (worn)
 q - a +0 pair of gloves of dexterity (worn)
 C - +0 steam dragon scales (worn)
Magical Staves
 D - a staff of earth
Jewellery
 f - a ring of see invisible
 z - a +6 ring of strength (left hand)
 G - a +4 ring of protection (right hand)
 K - a ring of resist corrosion
 L - a ring of magical power
 S - an amulet of the acrobat (around neck)
Wands
 h - a wand of paralysis (20)
 r - a wand of flame (14)
 y - a wand of roots (8)
 B - a wand of mindburst (11)
 E - a wand of light (11)
Scrolls
 e - a scroll of fear
 j - 3 scrolls of immolation {unknown}
 n - 5 scrolls of teleportation
 o - 2 scrolls of amnesia
 s - a scroll of enchant armour {unknown}
 F - 3 scrolls of poison
 M - a scroll of magic mapping
 O - 3 scrolls of summoning
 P - 2 scrolls of vulnerability
 R - a scroll of noise {unknown}
Potions
 d - 2 potions of magic
 g - 2 potions of heal wounds
 k - 2 potions of might
 m - 4 potions of attraction
 p - a potion of flight
 t - a potion of haste
 w - 5 potions of curing
 x - 3 potions of mutation
 A - 2 potions of cancellation
 I - 2 potions of invisibility
 J - a potion of brilliance {unknown}


   Skills:
 + Level 8.2 Dodging
 - Level 2.1 Stealth
 + Level 8.9 Spellcasting
 - Level 7.6 Conjurations
 + Level 3.4 Transmutations
 + Level 11.7 Earth Magic


You had 11 spell levels left.
You knew the following spells:

 Your Spells              Type           Power      Damage    Failure   Level
a - Sandblast             Erth           100%       2d20      1%          1
b - Passwall              Tmut/Erth      37%        N/A       1%          2
c - Stone Arrow           Conj/Erth      100%       3d13      1%          3
d - Petrify               Tmut/Erth      45%        N/A       2%          4
e - Teleport Other        Tloc           10%        N/A       19%         3
f - Inner Flame           Hex/Fire       10%        N/A       5%          3

Your spell library contained the following spells:

 Spells                   Type           Power      Damage    Failure   Level
 Dazzling Flash           Conj/Hex       54%        N/A       1%          3
 Kiss of Death            Conj/Necr      100%       2d13      1%          1
 Static Discharge         Conj/Air       54%        2-5/arc   1%          2
 Wereblood                Tmut           26%        N/A       2%          2
 Apportation              Tloc           20%        N/A       6%          1
 Necrotise                Necr           40%        1d6       6%          1
 Summon Small Mammal      Summ           40%        N/A       6%          1
 Lesser Beckoning         Tloc           20%        N/A       10%         2
 Airstrike                Air            5%         2d(1-17)  17%         4
 Confusing Touch          Hex            10%        N/A       19%         3
 Gell's Gravitas          Tloc           10%        N/A       19%         3
 Dispel Undead            Necr           10%        3d9       54%         4
 Summon Lightning Spire   Summ/Air       10%        N/A       54%         4
 Summon Hydra             Summ           5%         N/A       100%        7
 Sublimation of Blood     Necr           Unusable   N/A       N/A         2

Dungeon Overview and Level Annotations

Branches:
Dungeon (10/15) Zot: 22572  Temple (1/1) D:7 Zot: 5948     Orc (2/2) D:10 Zot: 11392
   Lair: D:8-11         Elf: Orc:2

Altars:
Ashenzari
Cheibriados
Dithmenos
Elyvilon
Gozag
Kikubaaqudgha
Makhleb
Nemelex Xobeh
Ru
Sif Muna
Uskayaw
Vehumet
Zin
The Shining One

Shops:
D:2 (   Orc:1 (

Annotations:
Orc:2 Jorgrun


Innate Abilities, Weirdness & Mutations

You are immune to sickness and miasma.
Your stone body is resilient. (AC +8)
You are immune to poison.
You resist negative energy. (rN+)
You are resistant to electric shocks. (rElec)
You are resistant to unholy torment.
You are immune to petrification.


Message History

Jorgrun closely misses you.
You hear a shout! x3
You feel clever.
You feel a sense of dread.
a - the +9 spear of the Dozen Friends (weapon)
{vamp, Int+3} Jorgrun casts a spell at you.
The iron shot hits you!!
You hit Jorgrun.
You feel better.
Jorgrun is moderately wounded.
Jorgrun says, "'tis place shall be yer tomb!"
Jorgrun misses you.
You hit Jorgrun.
You feel better.
Jorgrun is moderately wounded.
You are no longer locked in place.
Jorgrun hits you but does no damage. x2
You feel much better. Jorgrun hits you with a staff of earth!
You feel very mighty all of a sudden. Jorgrun hits you but does no damage.
Jorgrun casts a spell at you.
Roots burst forth from the earth!
The grasping roots grab you! The grasping roots constrict you.
You completely miss Jorgrun.
Jorgrun is moderately wounded.
Jorgrun hits you but does no damage. Jorgrun shatters you.
The grasping roots constrict you. Jorgrun misses you.
The grasping roots constrict you.
You puncture Jorgrun!
You feel better.
Jorgrun is heavily wounded.
Jorgrun hits you with a staff of earth! The grasping roots constrict you.
You barely miss Jorgrun.
Jorgrun is heavily wounded.
Jorgrun hits you with a staff of earth.
* * * LOW HITPOINT WARNING * * *
The grasping roots constrict you.
* * * LOW HITPOINT WARNING * * *
Jorgrun gestures at you while chanting. The iron shot hits you!!
Ouch! That really hurt!
You die...

##....
.#$....
.......
.......
.......
.$.....##
......g.##
#......@.##
####....<.#
#....#..##
#....####
..... ....#
.... ...


You could see Jorgrun (fast, drained).

Vanquished Creatures
  Harold (D:9)
  3 two-headed ogres
  2 orc sorcerers (Orc:1)
  A cyclops (Orc:1)
  Joseph (D:9)
  Prince Ribbit (D:8)
  A hornet (D:9)
  Sigmund (D:3)
  5 yaks (D:10)
  A wraith (D:9)
  A steam dragon (D:7)
  Menkaure (D:7)
  A warg (D:10)
  A water moccasin (D:8)
  An acid dragon (D:9)
  Duvessa (D:7)
  2 black bears (D:7)
  12 orc warriors
  An ice beast (D:7)
  2 sky beasts
  7 ogres
  4 centaurs
  3 phantoms
  An elf zombie (D:6)
  4 kobold brigands
  4 bullfrogs
  2 scorpions
  Dowan (D:7)
  3 killer bees (D:8)
  An electric eel (D:9)
  2 quasits (D:4)
  2 hounds (D:5)
  19 orc priests
  15 orc wizards
  2 sleepcaps
  2 human skeletons (D:6)
  An iguana (D:6)
  A statue (D:3)
  8 adders
  3 gnolls (D:4)
  2 shadow imps
  A white imp (D:5)
  3 worms
  2 dart slugs
  59 orcs
  11 ball pythons
  9 bats
  7 endoplasms
  7 giant cockroaches
  8 goblins
  13 hobgoblins
  6 jackals (D:4)
  25 kobolds
  8 quokkas
  6 frilled lizards
  2 orc skeletons (D:6)
  An orc zombie (D:6)
  A rat (D:3)
296 creatures vanquished.

Vanquished Creatures (others)
  A human (D:5)
1 creature vanquished.

Grand Total: 297 creatures vanquished

Notes
Turn   | Place    | Note
-------+----------+-------------------------------------------
     0 | D:1      | Arcadio the Gargoyle Earth Elementalist began the quest for
                  | the Orb.
     0 | D:1      | Reached XP level 1. HP: 10/10 MP: 3/3
   159 | D:1      | Reached XP level 2. HP: 15/15 MP: 3/5
   396 | D:1      | Reached skill level 4 in Earth Magic
   909 | D:1      | Reached XP level 3. HP: 19/19 MP: 4/6
  1178 | D:2      | Found Veughos's Weapon Shop.
  1253 | D:2      | Learned a level 2 spell: Passwall
  1257 | D:2      | Learned a level 3 spell: Stone Arrow
  1404 | D:2      | Found a hide-covered altar of Uskayaw.
  1712 | D:2      | Reached XP level 4. HP: 24/24 MP: 5/8
  2124 | D:3      | Found a radiant altar of Vehumet.
  2130 | D:3      | Noticed a frost-covered statue
  2159 | D:3      | Noticed Sigmund
  2172 | D:3      | Killed Sigmund
  2173 | D:3      | Reached skill level 1 in Transmutations
  2173 | D:3      | Reached skill level 5 in Earth Magic
  2173 | D:3      | Reached XP level 5. HP: 28/28 MP: 0/10
  2173 | D:3      | Reached XP level 6. HP: 32/32 MP: 0/11
  2707 | D:3      | Became a worshipper of Vehumet
  2803 | D:3      | Found a faded altar of an unknown god.
  3058 | D:3      | Learned a level 4 spell: Petrify
  3122 | D:4      | Found a snail-covered altar of Cheibriados.
  3145 | D:4      | Reached skill level 1 in Conjurations
  3290 | D:4      | Found an opulent altar of Gozag.
  3474 | D:4      | You fall into a shaft and drop 3 floors!
  3486 | D:6      | Noticed an orc warrior
  3560 | D:7      | Identified a scroll of acquirement
  3561 | D:7      | Acquired a +7 hand crossbow of draining
  3589 | D:7      | Found a shadowy altar of Dithmenos.
  3598 | D:7      | Reached XP level 7. HP: 31/36 MP: 1/12
  3885 | D:7      | Reached skill level 6 in Earth Magic
  3965 | D:7      | Noticed Duvessa
  3966 | D:7      | Noticed Dowan
  3967 | D:7      | Killed Duvessa
  3972 | D:7      | Killed Dowan
  3975 | D:7      | Reached XP level 8. HP: 39/41 MP: 5/14
  4266 | D:7      | Noticed Menkaure
  4269 | D:7      | Killed Menkaure
  4420 | D:7      | Reached skill level 7 in Earth Magic
  4420 | D:7      | Found a staircase to the Ecumenical Temple.
  4486 | Temple   | Entered the Ecumenical Temple
  5038 | D:7      | Reached skill level 5 in Spellcasting
  5308 | D:8      | Identified the +9 spear of the Dozen Friends {vamp, Int+3}
  5322 | D:8      | Reached * piety under Vehumet
  5322 | D:8      | Offered knowledge of Shock by Vehumet.
  5474 | D:8      | Found a burning altar of Makhleb.
  5474 | D:8      | Found a glowing silver altar of Zin.
  5476 | D:8      | Noticed an angel
  5476 | D:8      | Noticed a balrug
  5505 | D:8      | Found a sacrificial altar of Ru.
  5624 | D:8      | Noticed Prince Ribbit
  5636 | D:8      | Reached skill level 5 in Dodging
  5636 | D:8      | Reached XP level 9. HP: 21/45 MP: 2/17
  5638 | D:8      | Killed Prince Ribbit
  5639 | D:8      | Reached skill level 5 in Conjurations
  5639 | D:8      | Reached skill level 8 in Earth Magic
  6334 | D:9      | Noticed Harold
  6493 | D:9      | Noticed Joseph
  6625 | D:9      | Offered knowledge of Searing Ray by Vehumet.
  6651 | D:9      | Reached ** piety under Vehumet
  6888 | D:9      | Killed Harold
  6889 | D:9      | Reached skill level 9 in Earth Magic
  6889 | D:9      | Reached XP level 10. HP: 16/50 MP: 1/20
  7141 | D:9      | Noticed a two-headed ogre
  7147 | D:9      | Killed a two-headed ogre
  7695 | D:9      | Noticed a two-headed ogre
  7699 | D:9      | Killed a two-headed ogre
  7700 | D:9      | Reached skill level 10 in Earth Magic
  7704 | D:9      | Learned a level 3 spell: Teleport Other
  7846 | D:10     | Entered Level 10 of the Dungeon
  7922 | D:10     | Offered knowledge of Static Discharge by Vehumet.
  8074 | D:10     | Reached *** piety under Vehumet
  8221 | D:5      | Entered Level 5 of the Dungeon
  8667 | D:4      | Offered knowledge of Inner Flame by Vehumet.
  9381 | D:5      | Reached **** piety under Vehumet
 10138 | D:5      | Found an ancient bone altar of Kikubaaqudgha.
 10437 | D:5      | Learned a level 3 spell: Inner Flame
 10510 | D:6      | Reached XP level 11. HP: 54/54 MP: 21/23
 10633 | D:6      | Offered knowledge of Dazzling Flash by Vehumet.
 10667 | D:6      | Found a sparkling altar of Nemelex Xobeh.
 11295 | D:6      | Identified the +2 scale mail of the Bruised Ships {Drain
                  | rC+ MP+9 Stlth+}
 11560 | D:9      | Killed Joseph
 11561 | D:9      | Reached skill level 11 in Earth Magic
 11803 | D:10     | Found a staircase to the Orcish Mines.
 12089 | D:10     | Noticed a two-headed ogre
 12101 | D:10     | Killed a two-headed ogre
 12355 | D:10     | Found a broken altar of Ashenzari.
 12449 | Orc:1    | Entered Level 1 of the Orcish Mines
 12453 | Orc:1    | Noticed an orc sorcerer
 12461 | Orc:1    | Killed an orc sorcerer
 12843 | Orc:1    | Noticed a cyclops
 12859 | Orc:1    | Killed a cyclops
 12994 | Orc:1    | Noticed an orc sorcerer
 12997 | Orc:1    | Killed an orc sorcerer
 13012 | Orc:1    | Found Fayssar's Weapon Emporium.
 13139 | Orc:2    | Entered Level 2 of the Orcish Mines
 13141 | Orc:2    | Noticed Jorgrun
 13155 | Orc:2    | Killed from afar by Jorgrun

Illustrated notes

Levels and vault maps discovered:
D:1:      wander_arrival_lonely_grave, layout_basic,
          wander_ebering_terrifying_dragon_lair
D:2:      layout_rooms, basic_altar, serial_rivers,
          chequers_serial_rivers_room_a, chequers_serial_rivers_micro_b,
          chequers_serial_rivers_room_b, chequers_serial_rivers_small_3,
          chequers_serial_rivers_micro_d, chequers_serial_rivers_micro_b,
          serial_shops, shop, kennysheep_generic_room_16
D:3:      layout_rooms, vehumet_statue, dreamdust_ecumenical_altar_statues,
          uniq_sigmund
D:4:      cheibrodos_quashed, layout_basic, mainiacjoe_overflow_24_doors,
          grunt_gozag_breadcrumbs, chequers_decorated_corner,
          kennysheep_generic_room_15
D:5:      cheibrodos_helix_gallery, layout_layer_cave, tgw_kikubaaqudgha,
          gup_sewer_entry_pipe
D:6:      layout_cave_pods, mainiacjoe_overflow_surrounded_room,
          nicolae_ossuary_entry_catacombs, minivault_11
D:7:      layout_basic, grunt_dithmenos_shadows,
          minmay_temple_entry_glassed_door, nicolae_zen_rock_garden,
          nicolae_elevator_lobby_asterisk, uniq_duvessa, uniq_menkaure
D:8:      layout_gridville, grunt_temple_overflow_order_and_chaos_2,
          mainiacjoe_overflow_cross_hatched, uniq_prince_ribbit1
D:9:      layout_loops_ring, fountainhead, minmay_misc_feat_cross, uniq_harold,
          uniq_joseph
D:10:     layout_roguey, mainiacjoe_overflow_alcove_2, erik_orc_4
Temple:   minmay_temple_bridge_abc
Orc:1:    layout_caves, serial_shops, nicolae_shop_hallway_stairs
Orc:2:    st_orc_congregation, layout_diamond_mine, led_sif_book, uniq_jorgrun

Skill      XL: |  1  2  3  4  5  6  7  8  9 10 11 |
---------------+----------------------------------+-----
Earth Magic    | 4 5 6 7 9 10 11 | 11.7
Dodging        | 2 3 4 5 6 7 8 |  8.2
Spellcasting   | 3 4 5 6 8 |  8.9
Transmutations | 1 3 |  3.4
Conjurations   | 1 3 4 6 7 |  7.6
Stealth        | |  2.1

Action                     |  1- 3 |  4- 6 |  7- 9 | 10-12 || total
---------------------------+-------+-------+-------+-------++-------
  Melee: Dagger            |    18 |     8 |       |       ||    26
         Punch             |     1 |       |       |     3 ||     4
         Spear             |       |       |    37 |   149 ||   186
   Fire: Hand crossbow     |       |    12 |    36 |   131 ||   179
   Cast: Sandblast         |    61 |    66 |     7 |    10 ||   144
         Stone Arrow       |       |     6 |    58 |   119 ||   183
         Petrify           |       |       |       |     1 ||     1
  Evoke: Wand              |       |       |       |     1 ||     1
    Use: Scroll            |       |     2 |     4 |    15 ||    21
         Potion            |       |       |     1 |     3 ||     4
   Stab: Sleeping          |     1 |       |       |     1 ||     2
 Armour: Robe              |    10 |    20 |     2 |       ||    32
         Steam dragon scal |       |       |    26 |   114 ||   140
  Dodge: Dodged            |    18 |    41 |    34 |   149 ||   242
